 Dungeon Crawl Stone Soup version 0.25-a0-886-gd7461d2276 (console) character file.

Game seed: 1007612793776404795, levelgen mode: classic

35 Duffy the Conjurer (level 3, 0/24 HPs)
             Began as a Demonspawn Wizard on May 2, 2020.
             Succumbed to Crazy Yiuf's poison
             ... on level 2 of the Dungeon.
             The game lasted 00:01:36 (1281 turns).

Duffy the Conjurer (Demonspawn Wizard)              Turns: 1281, Time: 00:01:37

Health: 0/24       AC:  4    Str:  7    XL:     3   Next: 16%
Magic:  0/7        EV: 12    Int: 20    God:
Gold:   76         SH:  0    Dex: 11    Spells: 0/8 levels left

rFire    . . .     SeeInvis .   (no weapon)
rCold    . . .     Gourm    .   (no shield)
rNeg     . . .     Faith    .   a - +0 robe
rPois    +         Spirit   .   b - +0 hat
rElec    .         Reflect  .   (no cloak)
rCorr    .         Harm     .   (no gloves)
MR       .....                  (no boots)
Stlth    ++........             (no amulet)
HPRegen  0.08/turn              g - ring of poison resistance
MPRegen  0.10/turn              (no ring)

@: mighty, lethally poisoned (0 -> -15), slowed, lightly drained, very slow
A: claws 1, icy blue scales 1
a: no special abilities


You were on level 2 of the Dungeon.
You were not hungry.

You visited 1 branch of the dungeon, and saw 2 of its levels.

You collected 76 gold pieces.

Inventory:

Armour
 a - a +0 robe (worn)
 b - a +0 hat (worn)
Jewellery
 g - a ring of poison resistance (left claw)
Scrolls
 c - a scroll of teleportation
 e - a scroll of random uselessness {unknown}
 h - a scroll of fog {unknown}
 i - a scroll of noise {unknown}
 m - a scroll of amnesia {unknown}
Potions
 j - 2 potions of cancellation
 k - a potion of mutation {unknown}
 l - a potion of might
Comestibles
 d - 4 rations
 f - 4 chunks of flesh


   Skills:
 - Level 1.7(1.4) Dodging
 - Level 1.7(1.4) Stealth
 - Level 3.0(2.6) Spellcasting
 + Level 3.1(2.8) Conjurations
 - Level 1.0(0.7) Summonings
 - Level 0.8(0.5) Translocations


You couldn't memorise any spells.
You knew the following spells:

 Your Spells              Type           Power        Failure   Level  Hunger
h - Magic Dart            Conj           ##..         4%          1    None
i - Call Imp              Summ           #.......     17%         2    ##.....
o - Mephitic Cloud        Conj/Pois/Air  #.......     30%         3    ###....
B - Blink                 Tloc           N/A          19%         2    ##.....

Your spell library contained the following spells:

 Spells                   Type           Power        Failure   Level  Hunger
 Slow                     Hex            #.......     22%         2    ##.....
 Conjure Flame            Conj/Fire      #.......     24%         3    ###....


Dungeon Overview and Level Annotations

Branches:
Dungeon (2/15)

Altars:

Annotations:
D:2 Crazy Yiuf


Innate Abilities, Weirdness & Mutations

You have sharp fingernails.
You are partially covered in icy blue scales. (AC +2)


Message History

Press: ? - help, Shift-Dir - straight line, f/p - Crazy Yiuf
Aim: Crazy Yiuf, wielding a +3 quarterstaff of chaos and wearing a +0 cloak (almost dead)
The magic dart hits Crazy Yiuf but does no damage.
Crazy Yiuf is almost dead.
Crazy Yiuf hits you with a +3 quarterstaff of chaos.
You feel yourself slow down.
Cast which spell? (? or * to list)
You don't have enough magic to cast that spell.
Cast which spell? (? or * to list)
You don't have enough magic to cast that spell.
You barely miss Crazy Yiuf.
Crazy Yiuf is almost dead.
Crazy Yiuf hits you with a +3 quarterstaff of chaos!
You are lethally poisoned!
Crazy Yiuf says, "Blight!
Prologue arm eyeball."
Crazy Yiuf hits you with a +3 quarterstaff of chaos!
You feel drained.
It was a potion of might.
You feel very mighty all of a sudden.
You die...

#.#.#... #...'###
#....... ##.#####
#..# ##.# #####
77###.# #)..#77
77.....#
#.@.'.7777......#
#.g.#7..7......##
#####777.7....##
77777###


You could see Crazy Yiuf.

Vanquished Creatures
  An ooze (D:1)
  A dart slug (D:1)
  2 bats
  2 giant cockroaches (D:1)
  5 goblins (D:1)
  5 hobgoblins
  2 frilled lizards
  2 kobolds
  6 rats
26 creatures vanquished.

Notes
Turn   | Place    | Note
-------+----------+-------------------------------------------
     0 | D:1      | Duffy the Demonspawn Wizard began the quest for the Orb.
     0 | D:1      | Reached XP level 1. HP: 13/13 MP: 4/4
   256 | D:1      | Gained mutation: You have sharp fingernails. [demonic
                  | ancestry]
   256 | D:1      | Reached XP level 2. HP: 19/19 MP: 4/6
   771 | D:1      | Gained mutation: You are partially covered in icy blue
                  | scales. (AC +2) [demonic ancestry]
   771 | D:1      | Reached XP level 3. HP: 24/24 MP: 1/7
   775 | D:1      | Learned a level 2 spell: Call Imp
   778 | D:1      | Learned a level 2 spell: Blink
   782 | D:1      | Learned a level 3 spell: Mephitic Cloud
  1261 | D:2      | Found a runed translucent door.
  1262 | D:2      | Noticed Crazy Yiuf
  1281 | D:2      | Succumbed to Crazy Yiuf's poison

Levels and vault maps discovered:
D:1:      heliophobic_arrival_ceremonial_halls, layout_rooms,
          corexii_hall_statues_i, minmay_split_cup_small
D:2:      layout_basic, okawaru_ov_weapons_minmay, minivault_11, tso_metal_star,
          uniq_terence, uniq_crazy_yiuf_cottage, uniq_sigmund

Skill      XL: |  1  2 |
---------------+-------+-----
Conjurations   | 2 3 |  3.1
Dodging        | |  1.7
Stealth        | |  1.7
Spellcasting   | |  3.0
Summonings     | |  1.0
Translocations | |  0.8

Action                   || total
-------------------------++-------
Melee: Unarmed           ||     9
 Cast: Magic Dart        ||    62
       Mephitic Cloud    ||     1
  Use: Scroll            ||     2
       Potion            ||     1
 Stab: Confused          ||     2
  Eat: Chunk             ||     1
Armor: Robe              ||     2
Dodge: Dodged            ||     6

Table legend:
 A = Non-vault XP
 B = Vault XP
 C = Vault XP percentage of total XP
 D = Non-vault monster count
 E = Vault monster count
 F = Vault count percentage of total count
                 A         B        C        D         E       F
            +---------+---------+-------+---------+---------+-------
      Total |      42 |       8 |  16.0 |      23 |       3 |  11.5
            +---------+---------+-------+---------+---------+-------
        D:1 |      34 |       8 |  19.0 |      18 |       3 |  14.3
        D:2 |       8 |       0 |   0.0 |       5 |       0 |   0.0
            +---------+---------+-------+---------+---------+-------
